 Dungeon Crawl Stone Soup version 0.30-a0-457-g4b7bca3bfa (webtiles) character file.

Game seed: 2632437184257515615

432 pokeman the Magician (level 6, -2/34 HPs)
             Began as a Deep Elf Hedge Wizard on Dec 14, 2022.
             Slain by a gnoll
             ... wielding a +0 halberd
             ... led by a gnoll bouda
              (14 damage)
             ... on level 4 of the Dungeon.
             The game lasted 00:08:23 (4309 turns).

pokeman the Magician (Deep Elf Hedge Wizard)        Turns: 4309, Time: 00:08:23

Health: -2/34      AC:  3    Str:  7    XL:     6   Next: 67%
Magic:  7/18       EV: 12    Int: 27    God:
Gold:   188        SH:  0    Dex: 14    Spells: 5/19 levels left

rFire   . . .      SeeInvis .    b - +2 dagger (venom)
rCold   . . .      Faith    .    (no shield)
rNeg    . . .      Spirit   .    e - +0 leather armour
rPois   .          Reflect  .    c - +0 hat
rElec   .          Harm     .    (no cloak)
rCorr   .          Rampage  .    (no gloves)
Will    .....                    (no boots)
Stlth   ++........               (no amulet)
HPRegen 0.25/turn                l - ring of wizardry
MPRegen 0.16/turn                s - +6 ring of intelligence

@: no status effects
A: no striking features
a: no special abilities


You were on level 4 of the Dungeon.
You visited 1 branch of the dungeon, and saw 4 of its levels.
You also visited: Sewer.

You collected 188 gold pieces.

Inventory:

Hand Weapons
 b - a +2 dagger of venom (weapon)
Missiles
 n - a curare-tipped dart
Armour
 c - a +0 hat (worn)
 e - a +0 leather armour (worn)
Jewellery
 l - a ring of wizardry (left hand)
 s - a +6 ring of intelligence (right hand)
Scrolls
 a - a scroll of enchant armour {unknown}
 h - 3 scrolls of teleportation {unknown}
 i - 4 scrolls of identify {unknown}
 k - a scroll of blinking {unknown}
 o - 2 scrolls of fog {unknown}
 q - 2 scrolls of poison {unknown}
Potions
 d - 2 potions of magic
 f - 3 potions of curing
 g - a potion of cancellation {unknown}
 j - 6 potions of flight
 m - 2 potions of resistance {unknown}
 p - 2 potions of invisibility {unknown}
 r - a potion of heal wounds {unknown}


   Skills:
 + Level 1.5 Fighting
 - Level 1.0 Armour
 - Level 3.1 Dodging
 - Level 3.2 Stealth
 * Level 7.4 Spellcasting
 + Level 3.4 Conjurations
 - Level 1.1 Summonings
 - Level 1.1 Translocations
 - Level 1.0 Ice Magic
 - Level 1.0 Air Magic
 - Level 1.0 Poison Magic


You had 5 spell levels left.
You knew the following spells:

 Your Spells              Type           Power      Damage    Failure   Level
a - Magic Dart            Conj           100%       1d8       1%          1
b - Mephitic Cloud        Conj/Pois/Air  19%        N/A       4%          3
c - Call Imp              Summ           15%        N/A       3%          2
d - Blink                 Tloc           30%        N/A       3%          2
e - Swiftness             Air            15%        N/A       6%          3
f - Hailstorm             Conj/Ice       22%        3d7       4%          3

Your spell library contained the following spells:

 Spells                   Type           Power      Damage    Failure   Level
 Freeze                   Ice            60%        1d7       2%          1
 Slow                     Hex            36%        N/A       3%          1
 Cigotuvi's Dreadful Rot  Necr/Pois/Air  26%        N/A       4%          2
 Ensorcelled Hibernation  Hex/Ice        24%        N/A       4%          2
 Passwall                 Tmut/Erth      7%         N/A       4%          2
 Frozen Ramparts          Ice            30%        1d5       6%          3


Dungeon Overview and Level Annotations

Branches:
Dungeon (4/15)              Sewer (visited)
 Temple: D:4-7

Altars:

Shops:
D:2 =


Message History

A gnoll comes into view. It is wielding a +0 halberd.
The orc barely misses you.
Casting: Magic Dart (safe; 1% risk of failure)
Confirm with . or Enter, or press ? or * to list all spells.
Aiming: Magic Dart (safe; 1% risk of failure)
Press: ? - help, Shift-Dir - straight line, f/p - gnoll
Aim: a gnoll, wielding a +0 spear (almost dead, 100% to hit)
The magic dart hits the gnoll.
You kill the gnoll!
The gnoll shouts!
A gnoll comes into view. It is wielding a +0 flail.
The orc hits you with a +0 dagger.
Casting: Magic Dart (safe; 1% risk of failure)
Confirm with . or Enter, or press ? or * to list all spells.
Aiming: Magic Dart (safe; 1% risk of failure)
Press: ? - help, Shift-Dir - straight line, f - orc
Aim: an orc, wielding a +0 dagger and wearing a +0 leather armour (100% to hit)
The magic dart hits the orc.
The orc is almost dead.
The orc hits you with a +0 dagger.
Unknown command.
You closely miss the orc.
The orc is almost dead.
The orc hits you with a +0 dagger.
You hit the orc but do no damage.
The orc is almost dead.
A gnoll bouda comes into view. It is wielding a +0 club.
The orc hits you but does no damage.
You barely miss the orc.
The orc is almost dead.
The gnoll bouda shouts!
You hear a shout!
The gnoll bouda barks out a call to the hunt!
The gnoll picks up the pace!
The orc hits you but does no damage.
You hit the orc.
You kill the orc!
The gnoll hits you from afar with a +0 halberd.
Unknown command.
The gnoll hits you from afar with a +0 halberd!
You die...

#..###...##.##..##'#
###.†###...##.##..##..
.'.[....g....)....#..
#)...............#..
#............†...#..
#.g..............#..
#).g)............+..
#######...##...##...####..
#.##....##..@##...##+######..
...o...).....)...............
........)....#...............
.............#...............
.............#...............
[............#...............
######+##########.##....#....
#############


You could see a gnoll bouda and 2 gnolls.

Vanquished Creatures
  A kobold brigand (Sewer)
  6 orc wizards
  2 gnolls
  2 river rats (Sewer)
  2 worms
  3 dart slugs
  6 orcs
  8 bats
  6 endoplasms
  3 giant cockroaches (D:3)
  5 goblins
  6 hobgoblins
  3 jackals
  5 quokkas
  10 ball pythons
  5 frilled lizards
  11 kobolds
  6 rats
90 creatures vanquished.

Vanquished Creatures (collateral kills)
  A kobold brigand (Sewer)
1 creature vanquished.

Vanquished Creatures (others)
  4 plants (D:3)
4 creatures vanquished.

Grand Total: 95 creatures vanquished

Notes
Turn   | Place    | Note
-------+----------+-------------------------------------------
     0 | D:1      | pokeman the Deep Elf Hedge Wizard began the quest for the
                  | Orb.
     0 | D:1      | Reached XP level 1. HP: 10/10 MP: 7/7
   334 | D:1      | Reached XP level 2. HP: 16/16 MP: 3/9
   698 | D:1      | Reached skill level 5 in Spellcasting
   950 | D:1      | Reached XP level 3. HP: 20/20 MP: 11/11
   954 | D:1      | Learned a level 3 spell: Mephitic Cloud
   957 | D:1      | Learned a level 2 spell: Call Imp
   960 | D:1      | Learned a level 2 spell: Blink
  1918 | D:2      | Found Ohyagopt's Jewellery Emporium.
  2011 | D:2      | Reached skill level 1 in Fighting
  2011 | D:2      | Reached skill level 1 in Armour
  2075 | D:2      | Learned a level 3 spell: Swiftness
  2482 | D:3      | Reached XP level 4. HP: 24/25 MP: 11/13
  2564 | D:3      | Found a glowing drain.
  2633 | Sewer    | Entered a sewer
  2785 | Sewer    | Noticed a kobold brigand
  2786 | Sewer    | Noticed a kobold brigand
  2813 | Sewer    | Killed a kobold brigand
  2814 | Sewer    | Reached skill level 6 in Spellcasting
  2814 | Sewer    | Reached XP level 5. HP: 5/29 MP: 1/15
  2931 | Sewer    | HP: 1/29 [poisoned by a kobold brigand]
  3068 | Sewer    | Found a glowing silver altar of Zin.
  3330 | D:3      | Reached skill level 1 in Poison Magic
  3824 | D:3      | Learned a level 3 spell: Hailstorm
  3863 | D:3      | Reached skill level 1 in Air Magic
  3863 | D:3      | Reached XP level 6. HP: 7/34 MP: 11/17
  4192 | D:4      | Reached skill level 7 in Spellcasting
  4197 | D:4      | Reached skill level 1 in Ice Magic
  4309 | D:4      | Slain by a gnoll

Illustrated notes

Levels and vault maps discovered:
D:1:      eino_arrival_cavern_b, layout_basic
D:2:      layout_loops_ring, serial_shops, shop, st_stairs_8,
          grunt_decor_arrowhead, minmay_split_cup_small
D:3:      layout_loops_ring, gup_sewer_entry_bowl, guppyfry_early_lair_pool
D:4:      layout_gridville, trog_butcher_becter, minitemple

Skill      XL: |  1  2  3  4  5  6 |
---------------+-------------------+-----
Spellcasting   | 5 6 7 |  7.4
Fighting       | 1 |  1.5
Armour         | 1 |  1.0
Conjurations   | 2 3 |  3.4
Dodging        | 3 |  3.1
Stealth        | 3 |  3.2
Poison Magic   | 1 |  1.0
Air Magic      | 1 |  1.0
Ice Magic      | 1 |  1.0
Summonings     | |  1.1
Translocations | |  1.1

Action                   |  1- 3 |  4- 6 || total
-------------------------+-------+-------++-------
Melee: Dagger            |    10 |    46 ||    56
       Punch             |       |     1 ||     1
 Cast: Magic Dart        |    96 |    95 ||   191
       Mephitic Cloud    |     3 |     4 ||     7
       Call Imp          |       |     2 ||     2
       Blink             |       |     1 ||     1
       Hailstorm         |       |     1 ||     1
 Stab: Sleeping          |     1 |     1 ||     2
       Confused          |       |     1 ||     1
Armor: Leather armour    |     6 |    13 ||    19
Dodge: Dodged            |    11 |    35 ||    46

Table legend: (Time is in decaauts)
 A = Elapsed time spent in this place.
 B = Non-inter-level travel time spent in this place.
 C = Inter-level travel time spent in this place.
 D = Time resting spent in this place.
 E = Time spent auto-exploring this place.
 F = Levels seen in this place.
 G = Mean time per level.
                   A        B        C        D        E       F      G
               +--------+--------+--------+--------+--------+-----+--------+
         Total |   4359 |   4294 |     65 |    355 |   3242 |   5 |  871.8 |
       Dungeon |   3778 |   3713 |     65 |    229 |   2919 |   4 |  944.5 |
         Sewer |    581 |    581 |      0 |    126 |    323 |   1 |  581.0 |
               +--------+--------+--------+--------+--------+-----+--------+

Top non-repeatable levels by time:
     D:1: 1376 daAuts
     D:2: 1035 daAuts
     D:3: 1024 daAuts
   Sewer: 581 daAuts
     D:4: 342 daAuts
